 Dungeon Crawl Stone Soup version 0.18-a0-1677-g2bdad6c (webtiles) character file.

3199 Woebin the Blocker (level 9, -3/81 HPs)
             Began as a Hill Orc Fighter on Apr 2, 2016.
             Was an Initiate of Beogh.
             Slain by an orc warrior
             ... wielding a +2 short sword of freezing
              (5 damage)
             ... on level 7 of the Dungeon.
             The game lasted 01:50:41 (6464 turns).

Woebin the Blocker (Hill Orc Fighter)               Turns: 6464, Time: 01:50:43

Health: -3/81      AC: 12    Str: 21 (22) XL:     9   Next: 96%
Magic:  9/9        EV:  5    Int:  6 (8)  God:    Beogh [......]
Gold:   193        SH: 11    Dex:  8 (10) Spells: 0 memorised, 8 levels left

rFire  . . .     SeeInvis .     a - +0 war axe (freeze)
rCold  . . .     Gourm    .     u - +2 plate armour {MR+}
rNeg   . . .     Faith    .     c - +0 shield
rPois  .         Spirit   .     (no helmet)
rElec  .         Dismiss  .     q - +0 cloak
rCorr  .         Reflect  .     (no gloves)
SustAt .         Harm     .     (no boots)
MR     +....                    C - amulet of magic regeneration
Stlth  ..........               (no ring)
                                r - ring of wizardry

@: somewhat resistant to hostile enchantments, extremely unstealthy
A: talons 1, deformed body, wild magic 1, evolution 1
a: Renounce Religion


You were on level 7 of the Dungeon.
You worshipped Beogh.
Beogh was noncommittal.
You were not hungry.

You visited 2 branches of the dungeon, and saw 8 of its levels.

You collected 263 gold pieces.
You spent 70 gold pieces at shops.

Inventory:

Hand Weapons
 a - a +0 war axe of freezing (weapon)
 b - a +0 hunting sling
 P - a +1 morningstar of protection
Missiles
 n - 22 exploding sling bullets
 v - 5 tomahawks (quivered)
 K - a throwing net
Armour
 c - a +0 shield (worn)
 q - a +0 cloak (worn)
 u - a +2 plate armour of magic resistance (worn)
Jewellery
 l - a +4 ring of evasion
 r - a ring of wizardry (left hand)
 C - an amulet of magic regeneration (around neck)
Wands
 d - a wand of flame (27/48)
 D - a wand of slowing (29/48)
 G - a wand of teleportation (4/9)
 J - a wand of acid (12/15)
Scrolls
 g - 2 scrolls of amnesia
 i - 2 scrolls of remove curse
 m - a scroll of magic mapping
 p - 2 scrolls of noise
 x - 10 scrolls of identify
 y - a scroll of fog
Potions
 e - 4 potions of curing
 F - a potion of resistance {unknown}
 I - a potion of flight
Books
 B - a book of Alchemy

   Spells                             Type                      Level
   a - Sublimation of Blood           Necromancy                   2
   b - Ignite Poison                  Fire/Transmutation/Poison    3
   c - Petrify                        Transmutation/Earth          4
   d - Alistair's Intoxication        Transmutation/Poison         5
   e - Irradiate                      Conjuration/Transmutation    5
Comestibles
 f - 6 bread rations
 o - 6 chunks of flesh
 t - 5 meat rations
 w - a royal jelly
 M - a beef jerky


   Skills:
 + Level 7.9 Fighting
 + Level 5.4(7.1) Axes
 + Level 5.8(6.5) Maces & Flails
 + Level 2.9 Throwing
 + Level 7.1 Armour
 + Level 1.9 Dodging
 + Level 0.6 Stealth
 + Level 8.7 Shields


You had 8 spell levels left.
You didn't know any spells.

Dungeon Overview and Level Annotations

Branches:
Dungeon (7/15)             Temple (1/1) D:4

Altars:
Ashenzari
Cheibriados
Dithmenos
Elyvilon
Fedhas
Gozag
Kikubaaqudgha
Makhleb
Nemelex Xobeh
Okawaru
Pakellas
Qazlal
Sif Muna
Vehumet
Xom
The Shining One

Shops:
D:6 (}==:


Innate Abilities, Weirdness & Mutations

You have sharp toenails.
Armour fits poorly on your strangely shaped body.
Your spells are a little harder to cast, but a little more powerful.
You evolve.


Message History

The orc warrior hits you with a short sword of freezing!
* * * LOW HITPOINT WARNING * * *
The orc warrior freezes you.
* * * LOW HITPOINT WARNING * * *
You block the orc priest's attack.
Drink which item? (? for menu, Esc to quit)
It was a potion of beneficial mutation.
You feel less in control of your magic.
You feel fantastic! You block the orc warrior's attack.
You block the orc priest's attack.
Read which item? (? for menu, Esc to quit)
As you read the scroll of fear, it crumbles to dust.
You assume a fearsome visage.
The orc warrior resists with some effort.
The orc priest looks frightened!
The orc warrior hits you with a short sword of freezing!
* * * LOW HITPOINT WARNING * * *
The orc warrior freezes you.
You die...
Beogh appreciates the orc warrior's killing of a heretic priest.

##........[######
#....)[....# #...)......#
#..........# #.......[..#
#..........# #######
#..........#
.......#########o##########
......))(((.(((@o.....#
.......######..>......#
....... #.........# .......
########### ....... .......
....... .......


You could see an orc warrior and an orc priest (fleeing).

Vanquished Creatures
  Pikel (D:7)
  Sigmund (D:3)
  A spriggan (D:7)
  A water moccasin (D:6)
  Duvessa (D:5)
  A black bear (D:6)
  An orc warrior (D:7)
  2 sky beasts (D:5)
  2 ice beasts (D:5)
  A phantom (D:5)
  3 slaves (D:7)
  3 ogres
  2 centaurs (D:7)
  A big kobold (D:5)
  Dowan (D:5)
  A scorpion (D:6)
  2 howler monkeys (D:5)
  7 crimson imps
  A giant frog zombie (D:7)
  2 orc wizards
  2 hounds (D:6)
  A giant frog skeleton (D:5)
  4 worker ants
  Terence (D:2)
  2 iguanas
  4 hound zombies
  7 gnolls
  6 adders
  3 oozes
  7 worms
  6 giant geckos
  16 orcs
  6 giant cockroaches
  6 goblins
  7 hobgoblins
  9 jackals
  12 kobolds
  2 quokkas
  A ball python (D:1)
  3 bats
  A giant cockroach zombie (D:4)
  4 giant newts
  2 goblin zombies (D:4)
  A hobgoblin zombie (D:4)
  2 kobold zombies (D:4)
  2 orc skeletons (D:4)
  An orc zombie (D:4)
  5 rats
158 creatures vanquished.

Vanquished Creatures (others)
  A slave (D:7)
  2 orc priests (D:7)
  A worker ant (D:7)
  2 orcs (D:7)
  A plant (D:5)
7 creatures vanquished.

Grand Total: 165 creatures vanquished

Notes
Turn   | Place    | Note
--------------------------------------------------------------
     0 | D:1      | Woebin the Hill Orc Fighter began the quest for the Orb.
     0 | D:1      | Reached XP level 1. HP: 19/19 MP: 1/1
   182 | D:1      | Reached XP level 2. HP: 27/27 MP: 2/2
   888 | D:2      | Reached XP level 3. HP: 33/33 MP: 3/3
  1229 | D:2      | Noticed Terence
  1240 | D:2      | Killed Terence
  1240 | D:2      | Reached skill level 4 in Shields
  1240 | D:2      | Reached XP level 4. HP: 38/40 MP: 4/4
  1312 | D:2      | Found an oddly glowing altar of Pakellas.
  1822 | D:3      | Found a shimmering altar of Xom.
  2094 | D:3      | Noticed Sigmund
  2148 | D:3      | Killed Sigmund
  2148 | D:3      | Reached skill level 1 in Dodging
  2148 | D:3      | Reached XP level 5. HP: 18/47 MP: 5/5
  2148 | D:3      | Reached XP level 6. HP: 20/53 MP: 6/6
  2545 | D:4      | Found a staircase to the Ecumenical Temple.
  2562 | Temple   | Entered the Ecumenical Temple
  2683 | D:4      | Reached skill level 1 in Maces & Flails
  2683 | D:4      | Reached skill level 5 in Shields
  2835 | D:4      | Reached skill level 5 in Armour
  2904 | D:4      | Reached skill level 5 in Fighting
  2911 | D:4      | Reached XP level 7. HP: 40/61 MP: 7/7
  3027 | D:4      | Found a glowing golden altar of the Shining One.
  3082 | D:4      | Found a deep blue altar of Sif Muna.
  3284 | D:4      | Found a stormy altar of Qazlal.
  3551 | D:5      | Entered Level 5 of the Dungeon
  3627 | D:5      | HP: 3/61 [sky beast (5)]
  3629 | D:5      | Reached skill level 6 in Shields
  3953 | D:5      | Reached skill level 1 in Throwing
  3976 | D:5      | Reached XP level 8. HP: 41/69 MP: 8/8
  4487 | D:5      | Noticed Duvessa
  4498 | D:5      | Killed Duvessa
  4498 | D:5      | Reached skill level 7 in Shields
  4513 | D:5      | Noticed Dowan
  4538 | D:5      | Killed Dowan
  5048 | D:6      | Found Ymuarch's Jewellery Boutique.
  5171 | D:6      | Found Wekleonn's Jewellery Boutique.
  5204 | D:6      | Found Hageasay's Book Shop.
  5251 | D:6      | Reached XP level 9. HP: 78/78 MP: 9/9
  5279 | D:6      | Reached skill level 5 in Maces & Flails
  5616 | D:6      | Found Giffeb's Antique Weapon Boutique.
  5624 | D:6      | Bought a glowing war axe for 70 gold pieces
  5638 | D:6      | Found Nediag's Gadget Shoppe.
  6056 | D:7      | Noticed Pikel
  6075 | D:7      | Killed Pikel
  6075 | D:7      | Reached skill level 8 in Shields
  6210 | D:7      | Gained mutation: You evolve. [potion of mutation]
  6210 | D:7      | Gained mutation: Armour fits poorly on your strangely shaped body. [potion of mutation]
  6210 | D:7      | Gained mutation: You have sharp toenails. [potion of mutation]
  6216 | D:7      | Reached skill level 5 in Axes
  6367 | D:7      | Became a worshipper of Beogh the Brigand
  6463 | D:7      | Gained mutation: Your spells are a little harder to cast, but a little more powerful. [potion of beneficial mutation]
  6464 | D:7      | HP: 2/81 [orc warrior/short sword of freezing (15)]
  6464 | D:7      | Slain by an orc warrior

Vault maps used:
D:1:      dpeg_arrival_signposts
D:2:      grunt_pakellas_sulfur, uniq_terence
D:3:      tgw_xom, first_bread, kennysheep_generic_room_5, uniq_sigmund
D:4:      nicolae_tso_besieged_by_evil, led_sif_pool, grunt_qazlal_sundering,
          minmay_temple_entry_large_hall
D:5:      serial_corexii_hall, corexii_hall_statues_s, corexii_hall_statues_x,
          lexackson_kobold_supper, uniq_duvessa
D:6:      serial_shops, kennysheep_mini, shop, nicolae_shop_stone,
          nicolae_shop_statue_plus, shop, grunt_ministairs_1
D:7:      the_bakery, okawaru_ov_weapons_minmay, uniq_pikel
Temple:   circular_temple_12

Skill      XL: |  1  2  3  4  5  6  7  8  9 |
---------------+----------------------------+-----
Fighting       | 4 5 6 7 |  7.9
Axes           | 3 4 5 |  5.4
Shields        | 4 5 6 7 8 |  8.7
Armour         | 4 5 6 7 |  7.1
Dodging        | 1 |  1.9
Maces & Flails | 1 3 4 5 |  5.8
Throwing       | 1 2 |  2.9
Stealth        | |  0.6

Action                   |  1- 3 |  4- 6 |  7- 9 || total
-------------------------+-------+-------+-------++-------
Melee: War axe           |    84 |    22 |   151 ||   257
       Morningstar       |       |   119 |   421 ||   540
Throw: Tomahawk          |       |       |    48 ||    48
       Throwing net      |       |       |     7 ||     7
Invok: Convert to Beogh  |       |       |     1 ||     1
  Use: Potion            |     1 |     1 |    11 ||    13
       Scroll            |       |       |    13 ||    13
 Stab: Held in net/web   |       |       |     1 ||     1
  Eat: Chunk             |     1 |     3 |     7 ||    11
       Meat ration       |       |     1 |     1 ||     2
